 Dungeon Crawl Stone Soup version 0.21-a0-71-g5e5ddd2 (webtiles) character file.

550 xgamer67 the Skirmisher (level 7, 0/56 HPs)
             Began as a Human Artificer on June 19, 2017.
             Slain by a gnoll
             ... wielding a +0 whip
              (1 damage)
             ... on level 5 of the Dungeon.
             The game lasted 00:12:18 (4456 turns).

xgamer67 the Skirmisher (Human Artificer)           Turns: 4456, Time: 00:12:19

Health: 0/56       AC:  7    Str: 12    XL:     7   Next: 54%
Magic:  10/10      EV: 13    Int: 14    God:
Gold:   221        SH:  0    Dex: 13    Spells: 6/6 levels left

rFire    . . .     SeeInvis .   a - +0 short sword (speed)
rCold    . . .     Gourm    .   (no shield)
rNeg     . . .     Faith    .   n - +0 scale mail
rPois    .         Spirit   .   (no helmet)
rElec    .         Reflect  .   u - +0 cloak
rCorr    .         Harm     .   (no gloves)
MR       .....                  (no boots)
Stlth    ..........             (no amulet)
HPRegen  0.18/turn              b - +2 ring of evasion
MPRegen  0.12/turn              w - ring of wizardry

@: no status effects
A: no striking features
a: no special abilities


You were on level 5 of the Dungeon.
You were near starving.

You visited 1 branch of the dungeon, and saw 5 of its levels.

You collected 221 gold pieces.

Inventory:

Hand Weapons
 a - a +0 short sword of speed (weapon)
 p - a +0 short sword
 q - a +0 quarterstaff
 x - a +1 short sword of draining
Missiles
 v - 52 poisoned needles
Armour
 n - a +0 scale mail (worn)
 u - a +0 cloak (worn)
Jewellery
 b - a +2 ring of evasion (left hand)
 r - an uncursed ring of protection from fire
 w - a ring of wizardry (right hand)
Wands
 c - a wand of flame (11/48)
 d - a wand of enslavement (11/24)
 e - a wand of random effects (14/48)
Scrolls
 g - a scroll of immolation {unknown}
 j - 4 scrolls of remove curse
 l - a scroll of identify
 y - a scroll of enchant weapon {unknown}
Potions
 h - 3 potions of might
 i - a potion of magic
 o - a potion of mutation
 s - 3 potions of brilliance {unknown}
 z - a potion of invisibility {unknown}
Comestibles
 f - 4 bread rations
 k - 3 royal jellies
 m - 8 fruits


   Skills:
 - Level 5.1 Fighting
 - Level 1.0 Short Blades
 + Level 5.1 Dodging
 - Level 1.0 Stealth
 - Level 4.0 Evocations


You had 6 spell levels left.
You didn't know any spells.

Dungeon Overview and Level Annotations

Branches:
Dungeon (5/15)
 Temple: D:4-7

Altars:
Hepliaklqana
Xom
The Shining One

Annotations:
D:4 Blork the orc


Message History

There is a stone staircase leading up here.
Your gnoll no longer looks unusually strong.
You start resting.
Your gnoll is no longer moving quickly.
The gnoll is no longer charmed.
The gnoll barely misses you.
A gnoll is nearby!
You hit the gnoll but do no damage.
The gnoll is heavily wounded.
The gnoll hits you with a whip!
* * * LOW HITPOINT WARNING * * *
You hit the gnoll.
The gnoll is severely wounded.
The gnoll barely misses you.
Evoke which item? (* to show all) (? for menu, Esc to quit)
Aiming: Throw Flame
Press: ? - help, Shift-Dir - straight line, f/p - gnoll
Aim: a gnoll, wielding a whip (severely wounded)
The puff of flame misses the gnoll.
This wand has 11 charges left.
The gnoll hits you with a whip.
You die...

#.## ##.# #####.###
#.## #.......# #..##
#.......# ##..# . .
#.......# ##.##.####..
#.......# #..#......
#.......# ###.##..# .
#.......# #.......# ..
#.......## #@g....##
g.. #######..###
#......# ####.g..
##...# ######.#
#....... ###.#
#)####.#.....
##.########)))......)..
#....#...........#.o...
#......####..#####.....
#...<### #### ....
###### ....


You could see a gnoll.

Vanquished Creatures
  A phantom (D:4)
  An ogre (D:3)
  A scorpion (D:4)
  The ghost of wazuzu the Insei, a weakling DsMo (D:3)
  A howler monkey (D:4)
  A gnoll shaman (D:5)
  A hound (D:5)
  An orc wizard (D:3)
  2 worker ants (D:4)
  Terence (D:2)
  A hound skeleton (D:5)
  3 adders
  An adder skeleton (D:4)
  A worm (D:3)
  3 leopard geckos
  6 orcs
  2 giant cockroaches
  4 goblins
  5 hobgoblins
  4 jackals (D:2)
  2 quokkas
  4 bats
  7 frilled lizards
  A jackal zombie (D:5)
  9 kobolds
  A quokka skeleton (D:3)
  6 rats
71 creatures vanquished.

Vanquished Creatures (collateral kills)
  2 gnolls (D:5)
  An orc (D:3)
3 creatures vanquished.

Grand Total: 74 creatures vanquished

Notes
Turn   | Place    | Note
-------+----------+-------------------------------------------
     0 | D:1      | xgamer67 the Human Artificer began the quest for the Orb.
     0 | D:1      | Reached XP level 1. HP: 15/15 MP: 3/3
   484 | D:1      | Reached XP level 2. HP: 18/21 MP: 4/4
   861 | D:2      | Reached XP level 3. HP: 27/27 MP: 5/5
   880 | D:2      | Noticed Terence
   903 | D:2      | Killed Terence
   903 | D:2      | Reached XP level 4. HP: 27/34 MP: 6/6
  1101 | D:2      | Found a hazy altar of Hepliaklqana.
  1759 | D:3      | Found a shimmering altar of Xom.
  1794 | D:3      | Found a glowing golden altar of the Shining One.
  1961 | D:3      | Noticed an ogre
  1999 | D:3      | Noticed wazuzu's ghost (weakling DsMo)
  2047 | D:3      | Reached XP level 5. HP: 24/41 MP: 8/8
  2345 | D:3      | Killed wazuzu's ghost
  2594 | D:3      | Killed an ogre
  2594 | D:3      | Reached XP level 6. HP: 50/50 MP: 9/9
  3087 | D:4      | Noticed Blork the orc
  3234 | D:3      | Reached skill level 5 in Fighting
  3837 | D:4      | Noticed a phantom
  3991 | D:4      | Reached XP level 7. HP: 33/56 MP: 10/10
  4282 | D:5      | Entered Level 5 of the Dungeon
  4412 | D:5      | Reached skill level 5 in Dodging
  4454 | D:5      | HP: 1/56 [gnoll/whip (8)]
  4456 | D:5      | Slain by a gnoll

Vault maps used:
D:1:      lemuel_arrival_funnel, amethyst_killhole
D:2:      overflow_temple_1_default, hangedman_decor_clover_reticule,
          uniq_terence
D:3:      lemuel_doored_altar, nicolae_overflow_crystal_walls,
          nrook_loot_triangle, patterned_corridor
D:4:      uniq_blork_the_orc, uniq_ijyb
D:5:      marbit_many_paths, first_bread, uniq_edmund

Skill      XL: |  1  2  3  4  5  6  7 |
---------------+----------------------+-----
Fighting       | 2 3 4 5 |  5.1
Evocations     | 4 |  4.0
Dodging        | 3 5 |  5.1
Short Blades   | |  1.0
Stealth        | |  1.0

Action                   |  1- 3 |  4- 6 |  7- 9 || total
-------------------------+-------+-------+-------++-------
Melee: Short sword       |    81 |   266 |    93 ||   440
Evoke: Wand              |       |     5 |     4 ||     9
  Use: Scroll            |       |     7 |       ||     7
  Eat: Chunk             |       |    10 |       ||    10
Armor: Scale mail        |    24 |    78 |    14 ||   116
       Leather armour    |       |     1 |       ||     1
Dodge: Dodged            |    52 |   121 |    29 ||   202
